 Dungeon Crawl Stone Soup version 0.21-a0-88-g13b9641 (webtiles) character file.

48 HAL9000 the Chucker (level 3, -2/36 HPs)
             Began as an Ogre Hunter on June 26, 2017.
             Slain by a kobold
             ... wielding a +0 whip
              (6 damage)
             ... on level 1 of the Dungeon.
             The game lasted 00:02:11 (1822 turns).

HAL9000 the Chucker (Ogre Hunter)                   Turns: 1822, Time: 00:02:12

Health: -2/36      AC:  3    Str: 17    XL:     3   Next: 72%
Magic:  3/3        EV: 10    Int: 12    God:
Gold:   48         SH:  0    Dex:  9    Spells: 2/2 levels left

rFire    . . .     SeeInvis +   a - +0 short sword
rCold    . . .     Gourm    .   (no shield)
rNeg     . . .     Faith    .   b - +0 robe
rPois    .         Spirit   .   (helmet restricted)
rElec    .         Reflect  .   (no cloak)
rCorr    .         Harm     .   (gloves unavailable)
MR       .....                  (boots unavailable)
Stlth    +.........             (no amulet)
HPRegen  0.12/turn              m - ring of see invisible
MPRegen  0.08/turn              (no ring)

@: no status effects
A: unfitting armour, tough skin 1
a: no special abilities


You were on level 1 of the Dungeon.
You were not hungry.

You visited 1 branch of the dungeon, and saw 2 of its levels.

You collected 48 gold pieces.

Inventory:

Hand Weapons
 a - a +0 short sword (weapon)
 g - a +0 whip
Missiles
 c - 5 large rocks (quivered)
 d - 2 throwing nets
Armour
 b - a +0 robe (worn)
Jewellery
 m - a ring of see invisible (left hand)
Scrolls
 h - 2 scrolls of remove curse {unknown}
 l - a scroll of amnesia {unknown}
 p - a scroll of teleportation {unknown}
Potions
 k - a potion of heal wounds {unknown}
 n - a potion of flight {unknown}
 o - a potion of invisibility {unknown}
 q - a potion of lignification {unknown}
Comestibles
 f - a bread ration
 i - 2 meat rations
 r - a royal jelly
 s - 4 fruits


   Skills:
 - Level 2.6 Fighting
 + Level 2.9 Maces & Flails
 - Level 4.0 Throwing
 - Level 1.7 Dodging
 - Level 0.6 Stealth


You had 2 spell levels left.
You didn't know any spells.

Dungeon Overview and Level Annotations

Branches:
Dungeon (2/15)

Altars:

Annotations:
D:2 Robin


Innate Abilities, Weirdness & Mutations

You are too large for most types of armour.
You have tough skin. (AC +1)


Message History

You are too injured to fight recklessly!
You are too injured to fight recklessly!
Unknown command.
The frilled lizard bites you but does no damage.
The kobold closely misses you.
The goblin shouts!
The kobold closely misses you.
There is a stone staircase leading up here.
Unknown command.
The hobgoblin shouts!
The frilled lizard bites you. The goblin hits you with a dagger.
The kobold hits you with a whip.
* * * LOW HITPOINT WARNING * * *
You climb upwards.
There is a stone staircase leading down here.
Unknown command.
You closely miss the frilled lizard. The goblin hits you with a dagger.
* * * LOW HITPOINT WARNING * * *
The frilled lizard closely misses you. The kobold hits you with a whip.
You die...

.#.........)#.###.###########.#
.#..........#.###.............#
.#.#.#......#...÷##############
.....#......#.##.#
.....#......####.#
.................#
.....#÷.....######
.....#......######
...............l@#
#####..........gK#
#............# #............#
#............# #............#
#............# #####.###.##.#
#..##.##.#


You could see a goblin, a kobold and a frilled lizard.

Vanquished Creatures
  An ooze (D:1)
  A dart slug (D:1)
  3 giant cockroaches (D:1)
  7 goblins
  5 hobgoblins (D:1)
  3 jackals (D:1)
  A ball python (D:1)
  5 bats (D:1)
  3 frilled lizards (D:1)
  6 kobolds
  2 rats (D:1)
37 creatures vanquished.

Notes
Turn   | Place    | Note
-------+----------+-------------------------------------------
     0 | D:1      | HAL9000 the Ogre Hunter began the quest for the Orb.
     0 | D:1      | Reached XP level 1. HP: 22/22 MP: 1/1
   327 | D:1      | Reached skill level 1 in Maces & Flails
   346 | D:1      | Reached XP level 2. HP: 18/29 MP: 2/2
   730 | D:1      | Reached XP level 3. HP: 22/36 MP: 3/3
  1501 | D:2      | Noticed Robin
  1822 | D:1      | Slain by a kobold

Vault maps used:
D:1:      elethiomel_arrival_maze
D:2:      uniq_robin, uniq_jessica

Skill      XL: |  1  2 |
---------------+-------+-----
Maces & Flails | 1 2 |  2.9
Fighting       | |  2.6
Throwing       | |  4.0
Dodging        | |  1.7
Stealth        | |  0.6

Action                   || total
-------------------------++-------
Melee: Short sword       ||   152
 Stab: Sleeping          ||     2
  Eat: Chunk             ||     3
Armor: Robe              ||    69
Dodge: Dodged            ||   135
